 Dungeon Crawl Stone Soup version 0.29.1-12-g30fa7ad0bf (webtiles) character file.

Game seed: 6125590809413215730

151 Sanktem7 the Trooper (level 5, 0/48 HPs)
             Began as a Minotaur Fighter on Dec 16, 2022.
             Succumbed to a goblin's poison
             ... on level 4 of the Dungeon.
             The game lasted 00:05:25 (2324 turns).

Sanktem7 the Trooper (Minotaur Fighter)             Turns: 2324, Time: 00:05:26

Health: 0/48       AC: 10    Str: 22    XL:     5   Next: 11%
Magic:  4/4        EV:  6    Int:  5    God:
Gold:   151        SH:  5    Dex: 10    Spells: 4/4 levels left

rFire   . . .      SeeInvis .   a - +0 war axe {axe}
rCold   . . .      Faith    .   c - +1 buckler
rNeg    . . .      Spirit   .   b - +0 scale mail
rPois   .          Reflect  .   (helmet restricted)
rElec   .          Harm     .   (no cloak)
rCorr   .          Rampage  .   g - +2 pair of gloves
Will    +....                   (no boots)
Stlth   ..........              (no amulet)
HPRegen 0.16/turn               o - ring of willpower
MPRegen 0.09/turn               (no ring)

@: lethally poisoned (0 -> -6), about to teleport, constricted
A: horns 2, retaliatory headbutt
a: no special abilities


You were on level 4 of the Dungeon.
You visited 1 branch of the dungeon, and saw 4 of its levels.

You collected 151 gold pieces.


Innate Abilities, Weirdness & Mutations

You have a pair of horns on your head.
You reflexively headbutt those who attack you in melee.


   Skills:
 * Level 5.3 Fighting
 * Level 4.4 Axes
 + Level 4.4 Armour
 - Level 3.6 Shields


You had 4 spell levels left.
You didn't know any spells.
Your spell library contained the following spells:

 Spells                   Type           Power      Damage    Failure   Level
 Ignite Poison            Fire/Tmut/Pois 0%         N/A       99%         3
 Mephitic Cloud           Conj/Pois/Air  0%         N/A       99%         3
 Freezing Cloud           Conj/Ice/Air   0%         6-21      100%        5

Inventory:

Hand Weapons
 a - a +0 war axe (weapon) {axe}
Missiles
 e - 32 stones (quivered) {throwing}
 x - 6 atropa-tipped darts {throwing}
 z - 3 boomerangs {throwing}
Armour
 b - a +0 scale mail (worn)
 c - a +1 buckler (worn)
 g - a +2 pair of gloves (worn)
   (You found it on level 1 of the Dungeon)
Jewellery
 o - a ring of willpower (left hand)
   (You found it on level 2 of the Dungeon)
Scrolls
 r - a scroll of torment {unknown}
 s - 2 scrolls of teleportation {@r4}
 t - a scroll of brand weapon {unknown}
 u - a scroll of noise {unknown}
 v - a scroll of fog {unknown}
 w - 2 scrolls of immolation {unknown}
 y - a scroll of amnesia {unknown}
Potions
 d - 2 potions of might
 h - a potion of ambrosia {unknown}
 i - a potion of heal wounds {unknown}
 j - 2 potions of curing {unknown}
 k - 3 potions of attraction {!q}
 m - a potion of cancellation {unknown}
 n - 2 potions of degeneration {unknown}

Dungeon Overview and Level Annotations

Branches:
Dungeon (4/15) Zot: 21630
 Temple: D:4-7

Altars:
Ru
Trog

Annotations:
D:3 1 runed translucent door, safid's ghost, amateur MiHu
D:4 Robin

#...............
##....... ...... ..
#.......# ...... ...
.......<##....# #...
#.###......##.##....
#.........##.......
#.................#
(....##.##.g))##..
.#.........g@).#
###........)S.#
#...##...g.....
##.#.............
###.............
##.)..........
####.........
.....##...


You could see Robin, 2 goblins and a ball python.


Message History

You barely miss the goblin. You slash the goblin!
You kill the goblin!
The hobgoblin barely misses you. The goblin hits you with a +0 club.
Robin throws the goblin at you! The hobgoblin barely misses you.
You furiously retaliate!
You headbutt the hobgoblin!
You kill the hobgoblin!
The goblin barely misses you. The hobgoblin barely misses you.
You furiously retaliate!
You headbutt the hobgoblin!
You kill the hobgoblin!
You block the goblin's attack.
The ball python hisses angrily.
You hit the iguana but do no damage. Your headbutt misses the iguana.
You closely miss the goblin. You hit the goblin.
You kill the goblin!
You slash the adder! You barely miss the goblin. You block the adder's attack.
The iguana bites you. The goblin hits you but does no damage.
You are too injured to fight recklessly!
You are too injured to fight recklessly!
You are too injured to fight recklessly!
You are too injured to fight recklessly!
You are too injured to fight recklessly!
You are too injured to fight recklessly!
You are too injured to fight recklessly! 😮 HP[-11]
You take 11 damage, and now have 31/42 hp.
MASSIVE DAMAGE!! (PAUSE)
You barely miss the iguana. You barely miss the adder. You slash the goblin!
You kill the goblin!
You slash the goblin!
You kill the goblin!
You block the adder's attack. The iguana bites you!
The adder bites you but does no damage. 😮 HP[-7]
You take 7 damage, and now have 24/42 hp.
You slash the iguana! You headbutt the iguana. You closely miss the hobgoblin.
You barely miss the adder. You closely miss the goblin.
The adder closely misses you. You block the goblin's attack.
You block the hobgoblin's attack. The iguana bites you.
* * * LOW HITPOINT WARNING * * *
The adder bites you but does no damage. The hobgoblin closely misses you.
You block the goblin's attack. The iguana bites you.
* * * LOW HITPOINT WARNING * * *
😨 HP[-7]
You take 7 damage, and now have 17/42 hp.
You slash the iguana!
You kill the iguana!
You hit the hobgoblin. You closely miss the goblin. You barely miss the goblin.
You hit the adder but do no damage. You miss the goblin.
The adder bites you but does no damage. The hobgoblin hits you.
* * * LOW HITPOINT WARNING * * *
The goblin hits you with a +0 dagger of venom.
* * * LOW HITPOINT WARNING * * *
You are lethally poisoned!
You block the goblin's attack. The goblin closely misses you.
The adder barely misses you.
You have reached level 5! 😱 HP[-5] MP[+1]
You now have 48 max hp (+6).
Your mp is fully restored (4).
You hit the ball python. You hit the goblin.
You kill the goblin!
You hit the goblin. You hit the hobgoblin. You hit the goblin.
You closely miss the goblin. You closely miss the adder.
* * * LOW HITPOINT WARNING * * *
You feel very sick.
The hobgoblin no longer looks unusually strong.
The ball python bites you but does no damage.
The ball python grabs you. The ball python constricts you.
The adder barely misses you. You furiously retaliate!
You headbutt the adder.
You kill the adder!
The hobgoblin hits you but does no damage.
The goblin hits you with a +0 club.
* * * LOW HITPOINT WARNING * * *
The goblin barely misses you. Robin throws the goblin at you!
The goblin hits you but does no damage. You block the ball python's attack.
The ball python constricts you. 😱 HP[-9]
You take 9 damage, and now have 3/48 hp.
As you read the scroll of teleportation {@r4}, it crumbles to dust.
You feel strangely unstable.
* * * LOW HITPOINT WARNING * * *
You feel sick.
The goblin no longer looks unusually strong.
You block the goblin's attack.
The hobgoblin hits you but does no damage.
You block the goblin's attack.
Robin roars a battlecry!
The goblins go into a battle-frenzy!
The goblin completely misses you.
The ball python bites you but does no damage.
The ball python constricts you. 😱 HP[-1]
You take 1 damage, and now have 2/48 hp.
You slash the hobgoblin!
You kill the hobgoblin!
You hit the goblin.
You kill the goblin!
You barely miss the ball python. You completely miss the goblin.
You barely miss the goblin.
You die...

Skill      XL: |  1  2  3  4 |
---------------+-------------+-----
Fighting       | 4 5 |  5.3
Axes           | 3 4 |  4.4
Armour         | 4 |  4.4
Shields        | |  3.6

Action                   |  1- 3 |  4- 6 || total
-------------------------+-------+-------++-------
Melee: War axe           |    89 |    23 ||   112
       Headbutt          |    11 |     2 ||    13
  Use: Scroll            |       |     5 ||     5
 Stab: Paralysed         |     1 |       ||     1
Armor: Scale mail        |    59 |    16 ||    75
Dodge: Dodged            |    44 |    18 ||    62
Block: Buckler           |    32 |    14 ||    46

Levels and vault maps discovered:
D:1:      dpeg_arrival_castle, layout_loops_corners,
          shapermc_ecumenical_altar_acropolis
D:2:      layout_rooms
D:3:      layout_loops_ring, bloody_trog, nicolae_ru_great_annihilating_truth,
          hellmonk_ghost_happy_afterlife
D:4:      layout_cave_pools, mainiacjoe_overflow_concentric_impassable,
          gammafunk_ghost_necromancy, uniq_robin, uniq_natasha

Notes
Turn   | Place    | Note
-------+----------+-------------------------------------------
     0 | D:1      | Sanktem7 the Minotaur Fighter began the quest for the Orb.
     0 | D:1      | Reached XP level 1. HP: 19/19 MP: 0/0
     0 | D:1      | magus.rc [v1.9.6]
   191 | D:1      | Found a faded altar of an unknown god.
   226 | D:1      | Reached XP level 2. HP: 25/27 MP: 1/1
   233 | D:1      | Reached skill level 4 in Fighting
   298 | D:1      | Reached skill level 3 in Axes
  1087 | D:2      | Reached skill level 4 in Armour
  1087 | D:2      | Reached XP level 3. HP: 34/34 MP: 2/2
  1152 | D:2      | You add the spells Ignite Poison, Mephitic Cloud and
                  | Freezing Cloud to your library.
  1427 | D:3      | Found a bloodstained altar of Trog.
  1507 | D:3      | Found a runed translucent door.
  1510 | D:3      | Noticed safid's ghost (amateur MiHu)
  1830 | D:3      | Found a sacrificial altar of Ru.
  1835 | D:3      | Reached XP level 4. HP: 41/41 MP: 3/3
  2151 | D:3      | Reached skill level 5 in Fighting
  2151 | D:3      | Reached skill level 4 in Axes
  2313 | D:4      | Noticed Robin
  2321 | D:4      | HP: 10/42 [goblin/+0 dagger of venom[Robin] (5)]
  2322 | D:4      | Reached XP level 5. HP: 12/48 MP: 4/4
  2322 | D:4      | HP: 3/48 [goblin/+0 club[Robin] (5)]
  2324 | D:4      | Succumbed to a goblin's poison

Vanquished Creatures
  An iguana (D:4)
  An orc wizard (D:3)
  3 adders
  A dart slug (D:3)
  6 orcs (D:3)
  4 ball pythons
  4 endoplasms
  4 giant cockroaches
  11 goblins
  4 hobgoblins
  7 jackals (D:1)
  2 quokkas (D:1)
  8 bats
  4 frilled lizards
  2 kobolds (D:3)
  4 rats
66 creatures vanquished.

Table legend:
 A = Non-vault XP
 B = Vault XP
 C = Vault XP percentage of total XP
 D = Non-vault monster count
 E = Vault monster count
 F = Vault count percentage of total count
                 A         B        C        D         E       F
            +---------+---------+-------+---------+---------+-------
      Total |     150 |      71 |  32.1 |      52 |      14 |  21.2
            +---------+---------+-------+---------+---------+-------
        D:1 |      37 |       0 |   0.0 |      23 |       0 |   0.0
        D:2 |      28 |       0 |   0.0 |       9 |       0 |   0.0
        D:3 |      37 |      51 |  58.0 |      18 |       4 |  18.2
        D:4 |      48 |      20 |  29.4 |       2 |      10 |  83.3
            +---------+---------+-------+---------+---------+-------

Illustrated notes

Table legend:
 A = Kills in this place as a percentage of kills in entire the game.
 B = Kills by you in this place as a percentage of kills by you in the entire game.
 C = Kills by friends in this place as a percentage of kills by friends in the entire game.
 D = Other kills in this place as a percentage of other kills in the entire game.
 E = Experience gained in this place as a percentage of experience gained in the entire game.
 F = Experience gained in this place divided by the number of levels of this place that you have seen.
                   A       B       C       D       E      F
               +-------+-------+-------+-------+-------+----------------------
         Total | 100.0 | 100.0 |   N/A |   N/A | 100.0 |  55.2
       Dungeon | 100.0 | 100.0 |   N/A |   N/A | 100.0 |  55.2
               +-------+-------+-------+-------+-------+----------------------

Table legend: (Time is in decaauts)
 A = Elapsed time spent in this place.
 B = Non-inter-level travel time spent in this place.
 C = Inter-level travel time spent in this place.
 D = Time resting spent in this place.
 E = Time spent auto-exploring this place.
 F = Levels seen in this place.
 G = Mean time per level.
                   A        B        C        D        E       F      G
               +--------+--------+--------+--------+--------+-----+--------+
         Total |   2369 |   2246 |    123 |      0 |   1885 |   4 |  592.2 |
       Dungeon |   2369 |   2246 |    123 |      0 |   1885 |   4 |  592.2 |
               +--------+--------+--------+--------+--------+-----+--------+

Top non-repeatable levels by time:
     D:1: 1074 daAuts
     D:3: 961 daAuts
     D:2: 315 daAuts
     D:4: 18 daAuts
